TOP OF THE 1ST |
Indiana Hoosiers batting - Pitching for Georgetown Hoyas : RHP Juan Carlos Guerrero
|
Pitching: RHP Juan Carlos Guerrero
|
|
Batting: LHB Arturo Álvarez
|
0-0: Ball 1-0: Swinging Strike 1-1: DOUBLE (Flyball, 7LD)
|
Batting: RHB Tom McCoy
|
0-0: Called Strike 0-1: Swinging Strike 0-2: Ball 1-2: Strikes out swinging
|
Batting: LHB Randy Ortíz
|
0-0: Called Strike 0-1: Foul Ball, location: 2F 0-2: Strikes out swinging
|
Batting: RHB Gus Bryant
|
0-0: Ball 1-0: Ground out 6-3 (Groundball, 6)
|
Top of the 1st over - 0 run(s), 1 hit(s), 0 error(s), 1 left on base; Indiana 0 - Georgetown 0 |
BOTTOM OF THE 1ST |
Georgetown Hoyas batting - Pitching for Indiana Hoosiers : LHP Vicente Hinojosa
|
Pitching: LHP Vicente Hinojosa
|
|
Batting: RHB Luis Flores
|
0-0: Called Strike 0-1: SINGLE (Line Drive, 34)
|
Batting: LHB José De La Cruz
|
0-0: Ball 1-0: Ground out U3 (Groundball, 3S) Luis Flores to second
|
Batting: LHB Alan McGilroy
|
0-0: Called Strike 0-1: Ball 1-1: Ball 2-1: Foul Ball, location: 2F 2-2: Foul Ball, location: 2F 2-2: SINGLE (Groundball, 34D) Luis Flores to third Throwing error, E9 Luis Flores scores Alan McGilroy to second
|
Batting: LHB Ken Bullard
|
0-0: Called Strike 0-1: Ball 1-1: 2-RUN HOME RUN (Flyball, 89XD), Distance : 391 ft
|
Batting: SHB Jeffrey MacNeill
|
0-0: Called Strike 0-1: Ball 1-1: Ball 2-1: Fly out, F8 (Flyball, 8LXD)
|
Batting: SHB Edward Weber
|
0-0: Called Strike 0-1: Ball 1-1: Ball 2-1: Ball 3-1: Base on Balls
|
Batting: LHB Tim Rose
|
0-0: Ball 1-0: SINGLE (Line Drive, 34D) Edward Weber to second Runner from 2nd tries for 3rd, SAFE, throw made to third
|
Batting: RHB Bob Lee
|
0-0: Swinging Strike 0-1: Ball 1-1: Foul Ball, location: 2F 1-2: Ball 2-2: Ball Wild Pitch! Edward Weber scores Tim Rose to second 3-2: Foul Ball, location: 2F 3-2: SINGLE (Flyball, 89S) Tim Rose to third Tim Rose scores
|
Batting: LHB Chris Smith
|
0-0: Ball 1-0: Foul Ball, location: 2F 1-1: Called Strike 1-2: Ball 2-2: Fly out, F8 (Flyball, 78M)
|
Bottom of the 1st over - 5 run(s), 5 hit(s), 1 error(s), 1 left on base; Indiana 0 - Georgetown 5 |
TOP OF THE 2ND |
Indiana Hoosiers batting - Pitching for Georgetown Hoyas : RHP Juan Carlos Guerrero
|
Batting: RHB Stephen Concepción
|
0-0: Fly out, F8 (Flyball, 8LM)
|
Batting: RHB Jaime Morán
|
0-0: Ball 1-0: Called Strike 1-1: Called Strike 1-2: Strikes out swinging
|
Batting: RHB Mark Chamberlin
|
0-0: Ball 1-0: Called Strike 1-1: Ball 2-1: Called Strike 2-2: Ball 3-2: Base on Balls
|
Batting: LHB Dave Joyner
|
0-0: Ball 1-0: Ball 2-0: Fielders Choice at 2nd, 6-4 (Groundball, 6)
|
Top of the 2nd over - 0 run(s), 0 hit(s), 0 error(s), 0 left on base; Indiana 0 - Georgetown 5 |
BOTTOM OF THE 2ND |
Georgetown Hoyas batting - Pitching for Indiana Hoosiers : LHP Vicente Hinojosa
|
Batting: RHB Luis Flores
|
0-0: Ball 1-0: Called Strike 1-1: Ball 2-1: Ball 3-1: Foul Ball, location: 2F 3-2: Foul Ball, location: 2F 3-2: Base on Balls
|
Batting: LHB José De La Cruz
|
0-0: Called Strike 0-1: Called Strike 0-2: Strikes out looking
|
Batting: LHB Alan McGilroy
|
0-0: Foul Ball, location: 2F 0-1: Ball Single, Error in OF, E7, batter to second base Luis Flores to third
|
Batting: LHB Ken Bullard
|
0-0: Ball 1-0: Called Strike 1-1: Ball 2-1: Swinging Strike 2-2: Strikes out swinging
|
Batting: SHB Jeffrey MacNeill
|
0-0: Foul Ball, location: 2F 0-1: SINGLE (Line Drive, 9LM) Luis Flores scores Alan McGilroy to third Runner from 3rd tries for Home, SAFE, no throw or cutoff
|
Batting: SHB Edward Weber
|
0-0: Called Strike 0-1: Ball 1-1: Swinging Strike 1-2: Strikes out swinging
|
Bottom of the 2nd over - 2 run(s), 2 hit(s), 1 error(s), 1 left on base; Indiana 0 - Georgetown 7 |
TOP OF THE 3RD |
Indiana Hoosiers batting - Pitching for Georgetown Hoyas : RHP Juan Carlos Guerrero
|
Batting: RHB Armando Bernard
|
0-0: Called Strike 0-1: DOUBLE (Flyball, 7LM)
|
Batting: LHB Arturo Álvarez
|
0-0: Ball 1-0: Foul Ball, location: 2F 1-1: Swinging Strike 1-2: Foul Ball, location: 2F 1-2: Strikes out swinging
|
Batting: RHB Tom McCoy
|
0-0: Ball 1-0: Foul Ball, location: 2F 1-1: Fly out, F9 (Popup, 3DF)
|
Batting: LHB Randy Ortíz
|
0-0: Called Strike 0-1: Ball 1-1: Foul Ball, location: 2F 1-2: Strikes out swinging
|
Top of the 3rd over - 0 run(s), 1 hit(s), 0 error(s), 1 left on base; Indiana 0 - Georgetown 7 |
BOTTOM OF THE 3RD |
Georgetown Hoyas batting - Pitching for Indiana Hoosiers : LHP Vicente Hinojosa
|
Batting: LHB Tim Rose
|
0-0: Called Strike 0-1: Called Strike 0-2: Ball 1-2: Strikes out looking
|
Batting: RHB Bob Lee
|
0-0: Ball 1-0: Fly out, F4 (Line Drive, 6M)
|
Batting: LHB Chris Smith
|
0-0: Called Strike 0-1: Called Strike 0-2: Ball 1-2: Foul Ball, location: 2F 1-2: Strikes out looking
|
Bottom of the 3rd over - 0 run(s), 0 hit(s), 0 error(s), 0 left on base; Indiana 0 - Georgetown 7 |
TOP OF THE 4TH |
Indiana Hoosiers batting - Pitching for Georgetown Hoyas : RHP Juan Carlos Guerrero
|
Batting: RHB Gus Bryant
|
0-0: Foul Ball, location: 2F 0-1: Called Strike 0-2: Ball 1-2: Strikes out swinging
|
Batting: RHB Stephen Concepción
|
0-0: Called Strike 0-1: Ball 1-1: DOUBLE (Line Drive, 9LM)
|
Batting: RHB Jaime Morán
|
0-0: Ball 1-0: Foul Ball, location: 2F 1-1: Called Strike 1-2: Strikes out swinging
|
Batting: RHB Mark Chamberlin
|
0-0: Called Strike 0-1: Ball 1-1: Called Strike 1-2: Ball 2-2: Foul Ball, location: 2F 2-2: Fly out, F9 (Flyball, 89M)
|
Top of the 4th over - 0 run(s), 1 hit(s), 0 error(s), 1 left on base; Indiana 0 - Georgetown 7 |
BOTTOM OF THE 4TH |
Georgetown Hoyas batting - Pitching for Indiana Hoosiers : LHP Vicente Hinojosa
|
Pitching: LHP Jon Bridges
|
|
Batting: RHB Luis Flores
|
0-0: Ground out 4-3 (Groundball, 4S)
|
Batting: LHB José De La Cruz
|
0-0: Called Strike 0-1: Swinging Strike 0-2: Ball 1-2: Ball 2-2: Ball 3-2: Fly out, F4 (Popup, 8RS)
|
Batting: LHB Alan McGilroy
|
0-0: Swinging Strike 0-1: Swinging Strike 0-2: Ball 1-2: Foul Ball, location: 2F 1-2: Fly out, F6 (Popup, 6)
|
Bottom of the 4th over - 0 run(s), 0 hit(s), 0 error(s), 0 left on base; Indiana 0 - Georgetown 7 |
TOP OF THE 5TH |
Indiana Hoosiers batting - Pitching for Georgetown Hoyas : RHP Juan Carlos Guerrero
|
Batting: LHB Dave Joyner
|
0-0: Called Strike 0-1: DOUBLE (Groundball, 3D)
|
Batting: RHB Armando Bernard
|
0-0: Ball 1-0: Called Strike 1-1: Ball 2-1: Ball 3-1: Foul Ball, location: 2F 3-2: Base on Balls
|
Batting: LHB Arturo Álvarez
|
0-0: Ball 1-0: Foul Ball, location: 2F 1-1: Ball 2-1: Called Strike 2-2: Foul Ball, location: 2F 2-2: Strikes out swinging
|
Batting: RHB Tom McCoy
|
0-0: SINGLE (Line Drive, 8LS) Dave Joyner to third Armando Bernard to second Runner from 3rd tries for Home, SAFE, throw made home Armando Bernard to third Tom McCoy to second
|
Batting: LHB Randy Ortíz
|
0-0: Ground out U3 (Groundball, 3)
|
Batting: RHB Gus Bryant
|
0-0: Swinging Strike 0-1: Swinging Strike 0-2: Strikes out swinging passed ball, reaches first! Armando Bernard scores Tom McCoy to third
|
Batting: RHB Stephen Concepción
|
0-0: Called Strike 0-1: Foul Ball, location: 2F 0-2: Ball 1-2: Strikes out swinging
|
Top of the 5th over - 2 run(s), 2 hit(s), 0 error(s), 2 left on base; Indiana 2 - Georgetown 7 |
BOTTOM OF THE 5TH |
Georgetown Hoyas batting - Pitching for Indiana Hoosiers : LHP Jon Bridges
|
Batting: LHB Ken Bullard
|
0-0: Called Strike 0-1: DOUBLE (Line Drive, 9LM)
|
Batting: SHB Jeffrey MacNeill
|
0-0: Ball 1-0: Ball 2-0: Called Strike 2-1: Ball 3-1: Base on Balls
|
Batting: SHB Edward Weber
|
0-0: Foul Ball, location: 2F 0-1: Swinging Strike 0-2: Ball 1-2: Strikes out looking
|
Batting: LHB Tim Rose
|
0-0: Ball 1-0: Foul Ball, location: 2F 1-1: DOUBLE (Line Drive, 9LM) Ken Bullard scores Jeffrey MacNeill to third
|
Batting: RHB Bob Lee
|
0-0: Ball 1-0: Called Strike 1-1: Foul Ball, location: 2F 1-2: Ball 2-2: Strikes out looking
|
Batting: LHB Chris Smith
|
0-0: Swinging Strike 0-1: Reached on Error, E7 (Flyball, 7M) Jeffrey MacNeill scores Tim Rose scores
|
Batting: RHB Luis Flores
|
0-0: Called Strike 0-1: Ball 1-1: Ground out 4-3 (Groundball, 4)
|
Bottom of the 5th over - 3 run(s), 2 hit(s), 1 error(s), 1 left on base; Indiana 2 - Georgetown 10 |
TOP OF THE 6TH |
Indiana Hoosiers batting - Pitching for Georgetown Hoyas : RHP Juan Carlos Guerrero
|
Pitching: LHP Fernando Flores
|
|
Batting: RHB Jaime Morán
|
0-0: SINGLE (Flyball, 4D)
|
Batting: RHB Mark Chamberlin
|
0-0: Grounds into double play, U4-3 (Groundball, 4)
|
Batting: LHB Dave Joyner
|
0-0: Ball 1-0: Reached on error, E4 (Groundball, 4)
|
Batting: RHB Armando Bernard
|
0-0: 2-RUN HOME RUN (Flyball, 9LD), Distance : 341 ft
|
Batting: LHB Arturo Álvarez
|
0-0: Foul Ball, location: 2F 0-1: Swinging Strike 0-2: Ball 1-2: Ball 2-2: Foul Ball, location: 2F 2-2: Foul Ball, location: 2F 2-2: Foul Ball, location: 2F 2-2: Ball 3-2: Base on Balls
|
Batting: RHB Tom McCoy
|
0-0: Ball 1-0: Ground out 5-3 (Groundball, 56)
|
Top of the 6th over - 2 run(s), 2 hit(s), 1 error(s), 1 left on base; Indiana 4 - Georgetown 10 |
BOTTOM OF THE 6TH |
Georgetown Hoyas batting - Pitching for Indiana Hoosiers : LHP Jon Bridges
|
Batting: LHB José De La Cruz
|
0-0: Called Strike 0-1: SINGLE (Groundball, 34D)
|
Batting: LHB Alan McGilroy
|
0-0: Called Strike 0-1: Foul Ball, location: 2F 0-2: Foul Ball, location: 2F 0-2: Ball 1-2: Foul Ball, location: 2F 1-2: Ball 2-2: Foul Ball, location: 2F 2-2: Ball 3-2: Grounds into double play, 1-6-3 (Groundball, 15S)
|
Batting: LHB Ken Bullard
|
0-0: Fly out, F6 (Line Drive, 6)
|
Bottom of the 6th over - 0 run(s), 1 hit(s), 0 error(s), 0 left on base; Indiana 4 - Georgetown 10 |
TOP OF THE 7TH |
Indiana Hoosiers batting - Pitching for Georgetown Hoyas : LHP Fernando Flores
|
Batting: LHB Randy Ortíz
|
0-0: Called Strike 0-1: Called Strike 0-2: Ball 1-2: Ball 2-2: Ball 3-2: Base on Balls
|
Batting: RHB Gus Bryant
|
0-0: Grounds into double play, 6-4-3 (Groundball, 6)
|
Batting: RHB Stephen Concepción
|
0-0: Ball 1-0: Called Strike 1-1: Ground out 1-3 (Groundball, 25)
|
Top of the 7th over - 0 run(s), 0 hit(s), 0 error(s), 0 left on base; Indiana 4 - Georgetown 10 |
BOTTOM OF THE 7TH |
Georgetown Hoyas batting - Pitching for Indiana Hoosiers : LHP Jon Bridges
|
Pitching: LHP Kel Pitts
|
|
Batting: SHB Jeffrey MacNeill
|
0-0: SINGLE (Groundball, 56D)
|
Batting: SHB Edward Weber
|
0-0: Fly out, F3 (Popup, 3F)
|
Batting: LHB Tim Rose
|
0-0: Foul Ball, location: 2F 0-1: Ball 1-1: Swinging Strike 1-2: Foul Ball, location: 2F 1-2: Strikes out looking
|
Batting: RHB Bob Lee
|
0-0: Swinging Strike 0-1: Ball Jeffrey MacNeill is caught stealing 2nd base
|
Bottom of the 7th over - 0 run(s), 1 hit(s), 0 error(s), 0 left on base; Indiana 4 - Georgetown 10 |
TOP OF THE 8TH |
Indiana Hoosiers batting - Pitching for Georgetown Hoyas : LHP Fernando Flores
|
Pitching: LHP Josh Chamberlain
|
|
Batting: RHB Jaime Morán
|
0-0: Ball 1-0: Ball 2-0: Called Strike 2-1: Fly out, F7 (Flyball, 7M)
|
Batting: RHB Mark Chamberlin
|
0-0: Swinging Strike 0-1: Ball 1-1: Foul Ball, location: 2F 1-2: Strikes out swinging
|
Batting: LHB Dave Joyner
|
0-0: Called Strike 0-1: Ball 1-1: Foul Ball, location: 2F 1-2: Ball 2-2: Foul Ball, location: 2F 2-2: Foul Ball, location: 2F 2-2: Ball 3-2: Strikes out swinging
|
Top of the 8th over - 0 run(s), 0 hit(s), 0 error(s), 0 left on base; Indiana 4 - Georgetown 10 |
BOTTOM OF THE 8TH |
Georgetown Hoyas batting - Pitching for Indiana Hoosiers : LHP Kel Pitts
|
Batting: RHB Bob Lee
|
0-0: Swinging Strike 0-1: Swinging Strike 0-2: Ball 1-2: Ball 2-2: Ball 3-2: Base on Balls
|
Batting: LHB Chris Smith
|
0-0: Called Strike 0-1: Bunted foul 0-2: SINGLE (Line Drive, 7S) Bob Lee to second
|
Batting: RHB Luis Flores
|
0-0: Ball 1-0: Ball 2-0: Foul Ball, location: 2F 2-1: Ball 3-1: Base on Balls Bob Lee to third Chris Smith to second
|
Batting: LHB José De La Cruz
|
0-0: Ball 1-0: Ball 2-0: Fly out, F7 (Flyball, 78M) Runner from 3rd tags up, SCORES, no throw
|
Batting: LHB Alan McGilroy
|
0-0: Foul Ball, location: 2F 0-1: SINGLE (Line Drive, 78S) Chris Smith to third Luis Flores to second Runner from 3rd tries for Home, SAFE, throw made home
|
Now in LF: Wayne Carter
|
|
Batting: LHB Ken Bullard
|
0-0: Called Strike 0-1: Ball 1-1: Ball 2-1: SINGLE (Groundball, 56D) Luis Flores to third Alan McGilroy to second
|
Batting: SHB Jeffrey MacNeill
|
0-0: Foul Ball, location: 2F 0-1: Ball 1-1: Swinging Strike 1-2: Strikes out swinging
|
Batting: SHB Edward Weber
|
0-0: Ball 1-0: Ball 2-0: Ball 3-0: Base on Balls Luis Flores scores Alan McGilroy to third Ken Bullard to second
|
Batting: LHB Tim Rose
|
0-0: Foul Ball, location: 2F 0-1: Foul Ball, location: 2F 0-2: Ball 1-2: Strikes out swinging
|
Bottom of the 8th over - 3 run(s), 3 hit(s), 0 error(s), 3 left on base; Indiana 4 - Georgetown 13 |
TOP OF THE 9TH |
Indiana Hoosiers batting - Pitching for Georgetown Hoyas : LHP Josh Chamberlain
|
Now at C: Matt Sullivan
|
|
Batting: RHB Armando Bernard
|
0-0: SINGLE (Line Drive, 7LS)
|
Batting: LHB Arturo Álvarez
|
0-0: Ball 1-0: Swinging Strike 1-1: Swinging Strike 1-2: Fly out, F8 (Popup, 6MD)
|
Batting: RHB Tom McCoy
|
0-0: Called Strike 0-1: Ball 1-1: Ball 2-1: SINGLE (Flyball, 9LS) Armando Bernard to second Runner from 2nd tries for 3rd, SAFE, throw made to third
|
Batting: LHB Randy Ortíz
|
0-0: SINGLE (Flyball, 9S) Armando Bernard scores Tom McCoy to second Runner from 2nd tries for 3rd, OUT!
|
Batting: RHB Gus Bryant
|
0-0: Fielders Choice at 2nd, 6-4 (Groundball, 6MS)
|
Top of the 9th over - 1 run(s), 3 hit(s), 0 error(s), 0 left on base; Indiana 5 - Georgetown 13 |
|